AoeStats
← nicolasbsl52

African Clearing

510824077Analyzed
2v2 RM · 7h ago on Oct 2, 2026· 30m 13s· 4 players
Game mode
Random Map
Map size
Medium (4 player)
Population
200
Speed
Normal
Resources
Standard
Victory
Conquest
Starting age
Dark Age
Ending age
Imperial Age
RankedLock teamsTeams togetherTeam positionsShared explorationLock speedFull tech treeHidden civsTurbo modeCheats
Victory
Defeat
🇨🇳 Khmer · China
504
+17
🇨🇳 Britons · China
480
+18
🇨🇭 Romans · Switzerland
543
-19
🇨🇱 Cumans · Chile
491
-16
nicolasbsl52
15:53 Feudal Age
17:22 Double-Bit Axe
20:12 Horse Collar
21:39 Bloodlines
21:38 Scale Barding Armor
25:58 Castle Age
jason.s.salinas
雨下的猫
4:25 Loom
16:09 Feudal Age
16:51 Double-Bit Axe
18:42 Wheelbarrow
18:54 Horse Collar
21:56 Fletching
22:07 Padded Archer Armor
23:59 Forging
24:36 Scale Barding Armor
30:17 Castle Age
清浅
15:25 Loom
17:35 Feudal Age
19:08 Wheelbarrow
18:19 Town Watch
18:56 Horse Collar
19:04 Double-Bit Axe
22:10 Scale Barding Armor
22:18 Forging
22:45 Bloodlines
22:47 Gold Mining
28:34 Castle Age
30:05 Light Cavalry
30:47 Husbandry
Connection lost

Rejoining the realm…

Still unreachable

The connection could not be restored.

Session expired

The server has moved on; the page needs a fresh start.